 Dungeon Crawl Stone Soup version 0.30-a0-372-g0ce2686038 (webtiles) character file.

Game seed: 7591856040372722364

13 Querens the Sneak (level 2, 0/13 HPs)
             Began as a Spriggan Enchanter on Nov 23, 2022.
             Succumbed to a goblin's poison
             ... on level 1 of the Dungeon.
             The game lasted 00:01:31 (283 turns).

Querens the Sneak (Spriggan Enchanter)               Turns: 283, Time: 00:01:32

Health: 0/13       AC:  2    Str:  4    XL:     2   Next: 24%
Magic:  7/7        EV: 17    Int: 16    God:
Gold:   40         SH:  0    Dex: 15    Spells: 5/7 levels left

rFire   . . .      SeeInvis +    a - +1 dagger
rCold   . . .      Faith    .    (no shield)
rNeg    . . .      Spirit   .    b - +0 robe
rPois   .          Reflect  .    (helmet restricted)
rElec   .          Harm     .    (no cloak)
rCorr   .          Rampage  .    (gloves unavailable)
Will    .....                    (boots unavailable)
Stlth   +++.......               (no amulet)
HPRegen 0.22/turn                (no ring)
MPRegen 0.10/turn                (no ring)

@: lethally poisoned (0 -> -1), invisible, very quick
A: very small, no large weapons, unfitting armour, see invisible, speed 3
a: no special abilities


You were on level 1 of the Dungeon.
You visited 1 branch of the dungeon, and saw 1 of its levels.

You collected 40 gold pieces.

Inventory:

Hand Weapons
 a - a +1 dagger (weapon)
Missiles
 d - 5 stones (quivered)
Armour
 b - a +0 robe (worn)
Potions
 c - a potion of invisibility


   Skills:
 - Level 1.2 Short Blades
 - Level 2.7 Dodging
 + Level 4.8 Stealth
 + Level 3.0 Spellcasting
 + Level 3.9 Hexes


You had 5 spell levels left.
You knew the following spells:

 Your Spells              Type           Power      Damage    Failure   Level
a - Ensorcelled Hibernat  Hex/Ice        16%        N/A       13%         2

Your spell library contained the following spells:

 Spells                   Type           Power      Damage    Failure   Level
 Confusing Touch          Hex            15%        N/A       11%         3
 Tukima's Dance           Hex            15%        N/A       11%         3
 Dazzling Flash           Conj/Hex       16%        N/A       26%         3
 Airstrike                Air            1%         2d(1-17)  88%         4
 Summon Lightning Spire   Summ/Air       2%         N/A       88%         4
 Lightning Bolt           Conj/Air       1%         1d12      99%         5


Dungeon Overview and Level Annotations

Branches:
Dungeon (1/15)

Altars:


Innate Abilities, Weirdness & Mutations

You are very small and have problems with some larger weapons.
You are too small for most types of armour.
You have supernaturally acute eyesight. (SInv)
You cover ground extremely quickly. (Speed+++)


Message History

You kill the frilled lizard!
The bat hits you but does no damage.
A ball python comes into view.
A kobold comes into view. It is wielding a +3 whip.
A rat comes into view.
You barely miss the bat. The bat completely misses you.
You completely miss the bat. The bat closely misses you.
The bat closely misses you.
Found a scroll labelled KUJORPH JUISAUWN.
The rat twitches its whiskers.
You closely miss the bat. The bat hits you but does no damage.
The bat barely misses you. The bat closely misses you.
The ball python closely misses you. The ball python misses you.
You barely miss the ball python. The ball python misses you.
The ball python grabs you. The ball python constricts you.
The ball python's grasp on you weakens, but your attempt to escape fails.
The bat closely misses you. The ball python misses you.
The ball python constricts you.
The goblin hits you with a +0 dagger of venom.
You are lethally poisoned!
You escape the ball python's grasp.
You feel sick.
You feel sick.
You feel sick.
You feel sick. The bat completely misses you. The bat attacks as you move away!
The bat closely misses you.
You feel sick. The bat completely misses you.
You feel sick.
* * * LOW HITPOINT WARNING * * *
You feel sick.
You fade into invisibility!
* * * LOW HITPOINT WARNING * * *
You feel sick. The bat closely misses you.
* * * LOW HITPOINT WARNING * * *
You feel sick.
* * * LOW HITPOINT WARNING * * *
You feel sick. The bat misses you. The bat attacks as you move away!
The bat hits you but does no damage.
You die...

#.....................# #...
#............K........# #...
#..............r.......##...
#............gS........##...
#............S.###......#...
#.........†....# #.....#...
#...........b..# #.........
#..............# #.........
##.|....#..@.#########......
#..........##........####'#
###........##........##....
#........##.........†...#
#........######.........#
#....#..................#
######...........####...#
#.............###...
###.......)....##...


You could see a goblin (unable to see you), a bat, 2 ball pythons, a kobold
(unable to see you) and a rat (unable to see you).

Vanquished Creatures
  An endoplasm (D:1)
  3 goblins (D:1)
  2 kobolds (D:1)
  A ball python (D:1)
  2 bats (D:1)
  A frilled lizard (D:1)
  4 rats (D:1)
14 creatures vanquished.

Notes
Turn   | Place    | Note
-------+----------+-------------------------------------------
     0 | D:1      | Querens the Spriggan Enchanter began the quest for the Orb.
     0 | D:1      | Reached XP level 1. HP: 9/9 MP: 5/5
   178 | D:1      | Reached XP level 2. HP: 13/13 MP: 7/7
   181 | D:1      | Learned a level 2 spell: Ensorcelled Hibernation
   283 | D:1      | Succumbed to a goblin's poison

Illustrated notes

Levels and vault maps discovered:
D:1:      shiori_arrival_oz, layout_basic, minmay_small_reverse_x

Skill      XL: |  1 |
---------------+----+-----
Spellcasting   | 3 |  3.0
Short Blades   | |  1.2
Dodging        | |  2.7
Stealth        | |  4.8
Hexes          | |  3.9

Action                   || total
-------------------------++-------
Melee: Dagger            ||    27
Throw: Stone             ||     5
  Use: Potion            ||     1
 Stab: Sleeping          ||     4
Armor: Robe              ||     5
Dodge: Dodged            ||    30

Table legend: (Time is in decaauts)
 A = Elapsed time spent in this place.
 B = Non-inter-level travel time spent in this place.
 C = Inter-level travel time spent in this place.
 D = Time resting spent in this place.
 E = Time spent auto-exploring this place.
 F = Levels seen in this place.
 G = Mean time per level.
                   A        B        C        D        E       F      G
               +--------+--------+--------+--------+--------+-----+--------+
         Total |    188 |    188 |      0 |      0 |      0 |   1 |  188.0 |
       Dungeon |    188 |    188 |      0 |      0 |      0 |   1 |  188.0 |
               +--------+--------+--------+--------+--------+-----+--------+

Top non-repeatable levels by time:
     D:1: 188 daAuts
